AoeStats
← 海峡

Arabia

508596058Analyzed
1v1 RM · 11d ago on Sep 23, 2026· 24m 55s· 2 players
Game mode
Random Map
Map size
Tiny (2 player)
Population
200
Speed
Normal
Resources
Standard
Victory
Conquest
Starting age
Dark Age
Ending age
Imperial Age
RankedLock teamsTeams togetherTeam positionsShared explorationLock speedFull tech treeHidden civsTurbo modeCheats
Victory
Defeat
1722
+13
🇨🇳 Danes · China
1651
-13
海峡
6:32 Loom
8:47 Feudal Age
8:53 Man-at-Arms
14:01 Double-Bit Axe
21:07 Castle Age
19:17 Arson
19:28 Horse Collar
20:54 Scale Mail Armor
CNZS_骑士老爷_帝国时代2
6:55 Loom
9:37 Feudal Age
9:40 Man-at-Arms
10:51 Arson
17:46 Wheelbarrow
20:49 Castle Age
19:41 Forging
19:36 Horse Collar
21:36 Squires
Connection lost

Rejoining the realm…

Still unreachable

The connection could not be restored.

Session expired

The server has moved on; the page needs a fresh start.